 Dungeon Crawl Stone Soup version 0.21.1-1-g345015f (webtiles) character file.

102 microfolk the Shield-Bearer (level 4, -5/42 HPs)
             Began as a Deep Dwarf Fighter on Feb 20, 2018.
             Slain by Crazy Yiuf
             ... wielding a +4 quarterstaff of chaos
              (10 damage)
             ... on level 2 of the Dungeon.
             The game lasted 00:04:27 (1963 turns).

microfolk the Shield-Bearer (Deep Dwarf Fighter)    Turns: 1963, Time: 00:04:27

Health: -5/42      AC:  7    Str: 21    XL:     4   Next: 49%
Magic:  4/4        EV:  7    Int:  8    God:
Gold:   104        SH:  9    Dex: 12    Spells: 3/3 levels left

rFire    . . .     SeeInvis .   a - +0 war axe
rCold    . . .     Gourm    .   c - +0 shield
rNeg     . . .     Faith    .   b - +0 scale mail
rPois    .         Spirit   .   (no helmet)
rElec    .         Reflect  .   (no cloak)
rCorr    .         Harm     .   (no gloves)
MR       .....                  (no boots)
Stlth    ..........             (no amulet)
HPRegen  0.00/turn              (no ring)
MPRegen  0.09/turn              (no ring)

@: lethally poisoned (-5 -> -5), non-regenerating
A: damage resistance, heal wounds, sense surroundings 1, no regeneration
a: Heal Wounds


You were on level 2 of the Dungeon.
You were hungry.

You visited 1 branch of the dungeon, and saw 2 of its levels.

You collected 104 gold pieces.

Inventory:

Hand Weapons
 a - a +0 war axe (weapon)
 m - a +0 hunting sling
Missiles
 l - 34 stones (quivered)
Armour
 b - a +0 scale mail (worn)
 c - a +0 shield (worn)
Jewellery
 q - an uncursed amulet of faith {unknown}
Scrolls
 g - a scroll of teleportation {unknown}
 h - a scroll of enchant weapon {unknown}
 j - a scroll of remove curse {unknown}
 n - a scroll of identify {unknown}
 o - a scroll of magic mapping {unknown}
Potions
 d - 2 potions of might
 e - a potion of degeneration {unknown}
 k - a potion of mutation {unknown}
 p - a potion of invisibility {unknown}
 r - a potion of brilliance {unknown}
 s - a potion of lignification {unknown}
 t - a potion of haste {unknown}
Comestibles
 f - 6 rations


   Skills:
 + Level 3.3 Fighting
 + Level 3.2 Axes
 + Level 4.0 Armour
 + Level 4.1 Shields


You had 3 spell levels left.
You didn't know any spells.

Dungeon Overview and Level Annotations

Branches:
Dungeon (2/15)

Altars:

Annotations:
D:2 Crazy Yiuf


Innate Abilities, Weirdness & Mutations

You are resistant to damage.
You can heal yourself by infusing magical energy.
You passively map a small area around you.
You do not regenerate.


Message History

You hit Crazy Yiuf.
Crazy Yiuf is lightly wounded.
You feel very sick. You block Crazy Yiuf's attack.
Crazy Yiuf hits you with a quarterstaff of chaos!
* * * LOW HITPOINT WARNING * * *
You slash Crazy Yiuf!
Crazy Yiuf is heavily wounded.
You feel very sick. You block Crazy Yiuf's attack.
You closely miss Crazy Yiuf.
Crazy Yiuf is heavily wounded.
You feel very sick. Crazy Yiuf hits you but does no damage.
Your shield and scale mail prevent you from hitting Crazy Yiuf.
Crazy Yiuf is heavily wounded.
Crazy Yiuf yells, "Lugonu sing tea!"
You block Crazy Yiuf's attack.
Crazy Yiuf hits you with a quarterstaff of chaos!
You die...

####.# #....#
#......).... #.# ♣....♣
#.########## #.# ♣)..♣♣
#.# #.# ♣♣.♣♣
#.########## #.# ♣.♣♣
#.#......... #.# ♣♣.♣
#........... #.# ♣.♣♣
###.######## ### ♣♣)♣
#.# *#@# #.# #.g.# #.#
# #)).# #.# # #..)# #.#
### ##### #.# #.. #.#
#.# ###### ### #.# #.#
#..#.#####.###.######.#
#..#...(.......##.....#


You could see Crazy Yiuf.

Vanquished Creatures
  An orc priest (D:2)
  3 adders (D:2)
  A dart slug (D:1)
  4 orcs (D:2)
  7 bats
  A giant cockroach (D:1)
  4 goblins
  4 hobgoblins (D:1)
  3 jackals (D:2)
  3 frilled lizards
  7 kobolds
  4 rats
42 creatures vanquished.

Notes
Turn   | Place    | Note
-------+----------+-------------------------------------------
     0 | D:1      | microfolk the Deep Dwarf Fighter began the quest for the Orb.
     0 | D:1      | Reached XP level 1. HP: 20/20 MP: 1/1
   217 | D:1      | Reached XP level 2. HP: 27/27 MP: 2/2
   762 | D:2      | Reached XP level 3. HP: 32/34 MP: 3/3
  1000 | D:2      | Found a runed door.
  1437 | D:2      | Reached XP level 4. HP: 33/42 MP: 4/4
  1949 | D:2      | Noticed Crazy Yiuf
  1963 | D:2      | Slain by Crazy Yiuf

Skill      XL: |  1  2  3  4 |
---------------+-------------+-----
Fighting       | 3 |  3.3
Axes           | 3 |  3.2
Armour         | 4 |  4.0
Shields        | 4 |  4.1

Action                   |  1- 3 |  4- 6 || total
-------------------------+-------+-------++-------
Melee: War axe           |   134 |    25 ||   159
Throw: Stone             |    28 |       ||    28
 Abil: Heal Wounds       |       |     1 ||     1
  Eat: Chunk             |     2 |     1 ||     3
Armor: Scale mail        |    73 |     6 ||    79
Dodge: Dodged            |    37 |     4 ||    41
Block: Shield            |    84 |    20 ||   104
